 Dungeon Crawl Stone Soup version 0.31.0-1-g2c135a008e (webtiles) character file.

Game seed: 5218262724709487704

83 qw the Shooter (level 4, -3/35 HPs)
             Began as a Djinni Hunter on Jan 23, 2024.
             Slain by Robin
             ... wielding a +0 trident
              (5 damage)
             ... on level 3 of the Dungeon.
             The game lasted 00:00:06 (1409 turns).

qw the Shooter (Djinni Hunter)                      Turns: 1409, Time: 00:00:06

Health: -3/35      AC:  9    Str: 10    XL:     4   Next: 71%
Gold:   132        EV: 11    Int: 10    God:
                   SH:  0    Dex: 19

rFire   + + .        a - +0 shortbow
rCold   x . .        (shield currently unavailable)
rNeg    . . .        b - +0 ring mail
rPois   inf          (no helmet)
rElec   .            (no cloak)
rCorr   .            (no gloves)
SInv    .            (boots unavailable)
Will    .....        (no amulet)
Stlth   +            j - +4 ring of protection
HPRegen 0.25/turn    (no ring)
MPRegen 0.00/turn

%: infuse magic (-4 HP)
@: about to teleport, flying
A: sickness immunity, fire resistance 2, cold vulnerability 1, float, innate
caster, HP casting, extra vitality 1
a: no special abilities


You were on level 3 of the Dungeon.
You visited 1 branch of the dungeon, and saw 3 of its levels.

You collected 132 gold pieces.


Innate Abilities, Weirdness & Mutations

You are immune to sickness and miasma.
You are immune to poison.
Your flesh is very heat resistant. (rF++)
You are vulnerable to cold. (rC-)
You float through the air rather than walking.
You learn spells naturally, not from books.
Your magical power is your life essence.
You have superior vitality. (+4 MHP)


   Skills:
 - Level 3.0 Fighting
 + Level 4.1 Ranged Weapons
 - Level 1.0 Armour
 - Level 2.5 Dodging
 - Level 0.7 Stealth


You knew the following spells:

 Your Spells              Type           Power      Damage    Failure   Level
a - Freeze                Ice            0%         1d3       67%         1
Your spell library was empty.

Inventory:

Hand Weapons
 a - a +0 shortbow (weapon)
Armour
 b - a +0 ring mail (worn)
Jewellery
 j - a +4 ring of protection (left hand)
Scrolls
 e - a scroll of blinking {unknown}
 h - 2 scrolls of enchant armour
 i - a scroll of identify
Potions
 d - a potion of curing
 f - a potion of haste {unknown}
 g - a potion of degeneration {unknown}

Dungeon Overview and Level Annotations

Branches:
Dungeon (3/15)

Altars:
Yredelemnul

Annotations:
D:3 Robin


Message History

Robin throws the goblin at you!
You shoot an arrow. The arrow closely misses the goblin.
The hobgoblin barely misses you. The goblin hits you with a +0 dagger.
The goblin completely misses you.
A goblin comes into view. It is wielding a +0 dagger.
You shoot an arrow. The arrow hits the goblin.
You kill the goblin!
The hobgoblin hits you. Robin throws the goblin at you! The goblin misses you.
The goblin barely misses you.
The hobgoblin hits you but does no damage.
The goblin misses you. The goblin closely misses you.
You shoot an arrow. The arrow hits the goblin.
You kill the goblin!
The hobgoblin hits you but does no damage.
The goblin hits you but does no damage.
Robin roars a battlecry!
The goblin goes into a battle-frenzy!
You shoot an arrow. The arrow barely misses the goblin.
The hobgoblin no longer looks unusually strong.
The hobgoblin hits you but does no damage.
The goblin hits you but does no damage.
You shoot an arrow.
The arrow hits the goblin but does no damage.
The hobgoblin no longer looks unusually strong.
The hobgoblin hits you but does no damage.
Robin roars a battlecry!
The hobgoblins go into a battle-frenzy!
The goblin hits you with a +0 dagger.
1407 ||| READING scroll of teleportation.
As you read the scroll of teleportation, it crumbles to dust.
You feel strangely unstable. The hobgoblin hits you.
The goblin hits you with a +0 dagger.
You shoot an arrow. The arrow hits the goblin!
You kill the goblin!
The hobgoblin misses you. x2
You shoot an arrow. The arrow hits the hobgoblin.
You kill the hobgoblin!
Robin hits you from afar with a +0 trident.
You die...
Robin lets out a smug laugh.

#%............#
##.###.........# ...#
######..#.# .###
##...# .#
########..########
..........>...........
.##..########:.###.#
## .# ##....%###
###@)...#
.....gg)###.#
##..##### # #.


You could see Robin and a hobgoblin (strong).

Vanquished Creatures
  A gnoll (D:1)
  An adder (D:2)
  2 ribbon worms (D:2)
  8 ball pythons
  2 endoplasms
  A giant cockroach (D:2)
  12 goblins
  9 hobgoblins
  3 quokkas
  4 bats
  3 kobolds (D:1)
  9 rats
55 creatures vanquished.

Notes
Turn   | Place    | Note
-------+----------+-------------------------------------------
     0 | D:1      | qw the Djinni Hunter began the quest for the Orb.
     0 | D:1      | Reached XP level 1. HP: 18/18 MP: 0/0
     0 | D:1      | 0 ||| qw: Version: 0.3-a-135-gb77e89d
     0 | D:1      | 0 ||| qw: Game counter: 919
     0 | D:1      | 0 ||| qw: Melee chars always use a shield: true
     0 | D:1      | 0 ||| qw: God list: Okawaru
     0 | D:1      | 0 ||| qw: Allow faded altars: false
     0 | D:1      | 0 ||| qw: Do Orc after clearing Dungeon:15 true
     0 | D:1      | 0 ||| qw: Do second Lair branch before Depths: true
     0 | D:1      | 0 ||| qw: Lair rune preference: random
     0 | D:1      | 0 ||| qw: Goals: Normal
     0 | D:1      | 0 ||| PLANNING D:1-11
   121 | D:1      | Reached XP level 2. HP: 23/23 MP: 0/0
   250 | D:1      | Found a faded altar of an unknown god.
   310 | D:1      | Reached skill level 4 in Ranged Weapons
   310 | D:1      | Reached XP level 3. HP: 26/28 MP: 0/0
   310 | D:1      | Learned a level 1 spell: Freeze
   659 | D:1      | 659 ||| DROPPING +6 ring of intelligence.
   660 | D:1      | 660 ||| UPGRADING to +4 ring of protection.
   661 | D:1      | 661 ||| READING scroll labelled KOINUACV TAOSUA.
   666 | D:1      | 666 ||| READING 3 scrolls labelled SALASSEPNE.
   666 | D:1      | 666 ||| IDENTIFYING bubbling coppery potion
   667 | D:1      | 667 ||| READING 2 scrolls of identify.
   667 | D:1      | 667 ||| IDENTIFYING yellow potion
   668 | D:1      | 668 ||| READING scroll of identify.
   668 | D:1      | 668 ||| IDENTIFYING scroll labelled XASODOT LYUXIA
   669 | D:1      | 669 ||| READING 2 scrolls labelled ESERHU YLOU.
   770 | D:1      | 770 ||| DROPPING scroll of butterflies.
   771 | D:1      | 771 ||| DROPPING potion of magic.
   772 | D:1      | 772 ||| DROPPING scroll of vulnerability.
   773 | D:1      | 773 ||| DROPPING potion of lignification.
   917 | D:2      | Reached XP level 4. HP: 34/34 MP: 0/0
  1024 | D:2      | Reached skill level 3 in Fighting
  1274 | D:2      | 1274 ||| UPGRADING to +0 ring mail.
  1284 | D:2      | 1284 ||| DROPPING +0 leather armour.
  1285 | D:2      | 1285 ||| READING scroll of identify.
  1285 | D:2      | 1285 ||| IDENTIFYING fuming dark potion
  1313 | D:3      | Found a basalt altar of Yredelemnul.
  1316 | D:3      | 1316 ||| STAIRDANCE
  1390 | D:3      | Noticed Robin
  1397 | D:3      | Reached skill level 1 in Armour
  1406 | D:3      | HP: 6/35 [goblin/+0 dagger[Robin] (5)]
  1407 | D:3      | 1407 ||| READING scroll of teleportation.
  1407 | D:3      | HP: 1/35 [goblin/+0 dagger[Robin] (3)]
  1409 | D:3      | Slain by Robin

Levels and vault maps discovered:
D:1:      dpeg_arrival_tiny_g, layout_basic, nicolae_ecumenical_lake_church,
          nicolae_grassy_gnolls
D:2:      layout_basic
D:3:      layout_rooms, grunt_gozag_statues, yredelemnul_altar_generic,
          kennysheep_orc_sif_temple, chequers_garden, uniq_robin

Skill      XL: |  1  2  3  4 |
---------------+-------------+-----
Ranged Weapons | 4 |  4.1
Fighting       | 3 |  3.0
Armour         | 1 |  1.0
Dodging        | |  2.5
Stealth        | |  0.7

Action                     |  1- 3 |  4- 6 || total
---------------------------+-------+-------++-------
   Fire: Shortbow          |    77 |    79 ||   156
    Use: Scroll            |     5 |     2 ||     7
 Armour: Leather armour    |    15 |    11 ||    26
         Ring mail         |       |    41 ||    41
  Dodge: Dodged            |    22 |    37 ||    59

Table legend:
 A = Non-vault XP
 B = Vault XP
 C = Vault XP percentage of total XP
 D = Non-vault monster count
 E = Vault monster count
 F = Vault count percentage of total count
                 A         B        C        D         E       F
            +---------+---------+-------+---------+---------+-------
      Total |      90 |      31 |  25.6 |      45 |      10 |  18.2
            +---------+---------+-------+---------+---------+-------
        D:1 |      32 |      15 |  31.9 |      21 |       1 |   4.5
        D:2 |      46 |       0 |   0.0 |      18 |       0 |   0.0
        D:3 |      12 |      16 |  57.1 |       6 |       9 |  60.0
            +---------+---------+-------+---------+---------+-------
